[Event "Late-Titled-Tuesday-Blitz-April-02-2024"]
[Site "Chess.com"]
[Date "2024.04.02"]
[Round "4"]
[White "arturdailima"]
[Black "HajiyevKanan"]
[Result "1-0"]
[WhiteElo "2408"]
[BlackElo "2606"]
[TimeControl "180+1"]
[EndTime "14:38:50 PDT"]
[Termination "arturdailima won by resignation"]

1. Nf3 d5 2. c4 c6 3. e3 Nf6 4. Nc3 g6 5. b3 Bg7 6. Bb2 O-O 7. Be2 Bg4 8. O-O Nbd7 9. h3 Bxf3 10.
Bxf3 e6 11. cxd5 exd5 12. d4 Re8 13. Qd2 Qe7 14. Rfe1 a5 15. a3 Ne4 16. Nxe4 dxe4 17. Be2 Nb6 18. b4 Na4 19. Bc3 Nxc3 20. Qxc3 h5 21.
Reb1 axb4 22. axb4 Kh7 23. Rxa8 Rxa8 24. b5 Ra2 25.
Bf1 Qf6 26. Rb2 Rxb2 27. Qxb2 c5 28. Qc2 cxd4 29. Qxe4 Qb6 30. exd4 Bxd4 31. Qf3 Kg7 32. g3 f5 33. h4 Qc7 34. Kg2 b6 35. Qd5 Qc5 36.
Qb7+ Kf6 37. Qf3 Ke6 38. Qe2+ Qe5 39. Qc4+ Qd5+ 40. Qxd5+ Kxd5 41. f4 Kc5 42. Be2 Be3 43.
Kf3 Bd4 44. Bf1 Bg1 45. Kg2 Bd4 46. Kf3 Kd5 47. Be2 Bc5 48. Kg2 Kd4 49. Bf3 Kc4 50.
Bc6 Bf8 51. Kf3 Kd4 52. Be8 Kc5 53. Bxg6 Kxb5 54. Bxh5 Kc5 55. Bg6 b5 56. Bxf5 b4 57.
g4 Kd6 58. g5 Ke7 59. h5 Kf7 60. Bc2 Kg8 61. Kg4 Bd6 62. h6 Bf8 63. Kh5 Kh8 64.
g6 Kg8 65. g7 Bxg7 66. hxg7 Kxg7 67. Kg5 Kf7 68. Bb3+ Kg7 69. Kf5 Kf8 70. Kf6 Ke8 71. Kg7 1-0

[Event "Late-Titled-Tuesday-Blitz-April-02-2024"]
[Site "Chess.com"]
[Date "2024.04.02"]
[Round "4"]
[White "kleber2007"]
[Black "chessydotcom"]
[Result "1-0"]
[WhiteElo "2487"]
[BlackElo "2290"]
[TimeControl "180+1"]
[EndTime "14:38:51 PDT"]
[Termination "kleber2007 won on time"]

1. b3 e5 2. Bb2 Bd6 3. e3 c6 4. c4 Bc7 5. Nc3 d6 6. Nge2 Nd7 7. d4 f5 8. g3 Ngf6 9. Bg2 O-O 10. Qc2 Rb8 11.
Qxf5 e4 12. Nxe4 Ne5 13. Nxf6+ Rxf6 14. Qc2 Nf3+ 15. Kf1 Bf5 16. e4 Bxe4 17. Qc3 Qf8 18. d5 Nd2+ 19. Ke1 Bxg2 20. Kxd2 Bxh1 21. Rxh1 cxd5 22.
cxd5 Rc8 23. Rc1 Qd8 24. Qe3 Ba5+ 25. Kd1 Rxc1+ 26. Nxc1 Bb6 27. Qe4 Rxf2 28. Nd3 Rf1+ 29. Ke2 Rf8 30. Nf4 Qe8 31. Kd3 Qb5+ 32. Qc4 Qxc4+ 33.
bxc4 Re8 34. Ne6 Kf7 35. Ng5+ Kg6 36. Ne6 h5 37. Nf4+ Kf5 38. Nxh5 Re3+ 39. Kd2 g6 40. Ng7+ Kg5 41. Ne6+ Kg4 42. c5 Re4 43.
cxb6 axb6 44. Bd4 Kh3 45. Bxb6 Kxh2 46. Bc7 Ra4 47. Bxd6 Rxa2+ 48. Kd3 Kh3 49. Ke4 Kg4 50. Bf4 Re2+ 51. Kd4 Kf5 52. Ng7+ Kf6 53. Ne8+ Ke7 54.
Nd6 Ra2 55. Nxb7 Ra4+ 56. Ke5 Ra1 57. d6+ Ke8 58. Nc5 Re1+ 59. Kd5 Rd1+ 60. Kc6 Ra1 61. d7+ Ke7 62. Bg5+ 1-0

[Event "Late-Titled-Tuesday-Blitz-April-02-2024"]
[Site "Chess.com"]
[Date "2024.04.02"]
[Round "4"]
[White "karinachess1"]
[Black "RaugintaBulba"]
[Result "1/2-1/2"]
[WhiteElo "2609"]
[BlackElo "2432"]
[TimeControl "180+1"]
[EndTime "14:38:52 PDT"]
[Termination "Game drawn - insufficient material"]

1. d4 Nf6 2. c4 c5 3. d5 e6 4. Nc3 exd5 5. cxd5 d6 6. Nf3 g6 7. Bf4 Bg7 8. h3 O-O 9. e4 Re8 10. Bd3 b5 11. Nxb5 Nxd5 12. Bd2 c4 13. O-O Nb6 14. Bc2 Nc6 15. Bc3 d5 16. exd5 Nxd5 17. Bxg7 Kxg7 18. Qd2 Ba6 19. Nc3 Ndb4 20. Qxd8 Raxd8 21. Ba4 Rd6 22. Rfd1 Nd3 23. b3 cxb3 24. axb3 Rc8 25.
Nb5 Rd5 26. Nc3 Rc5 27. Ne4 Rd5 28. Rac1 Nd4 29. Rxc8 Nxf3+ 30. gxf3 Bxc8 31. Bc6 Rd4 32. Bb5 Ne5 33. Rxd4 Nxf3+ 34. Kg2 Nxd4 35. Bc4 Bb7 36. f3 Nxf3 37. Nd6 Ba8 38. Kf2 Ne5 39. Be2 Bd5 40.
b4 Nc6 41. b5 Nd4 42. Bd3 Be6 43. h4 Bd7 44. Ke3 Nb3 45. Bc4 Na5 46. Bxf7 Bxb5 47.
Nxb5 Kxf7 48. Nxa7 Nc4+ 49. Kf4 Nb6 50. Nb5 Nd5+ 51.
Kg3 Ne7 52. Nd6+ Kf6 53. Ne4+ Kf5 54. Ng5 h6 55. Nf3 Kf6 56. Kh3 Nf5 57. Nh2 Nd6 58.
Ng4+ Kg7 59. Kg3 Nf7 60. Kh3 Nd8 61. Kg3 Ne6 62. Kh3 Nd4 63. Kg3 Nf5+ 64. Kh3 Kf7 65. Ne5+ Kf6 66. Ng4+ Ke6 67. Nf2 Ke5 68. Nd3+ Ke4 69.
Nc5+ Kf4 70. Nd3+ Kf3 71. Ne5+ Ke4 72. Nxg6 Nxh4 73. Kxh4 Kf5 74. Kh5 Ke6 75. Kxh6 1/2-1/2

[Event "Late-Titled-Tuesday-Blitz-April-02-2024"]
[Site "Chess.com"]
[Date "2024.04.02"]
[Round "4"]
[White "Laico"]
[Black "SaqoChess_Twitch"]
[Result "1/2-1/2"]
[WhiteElo "2402"]
[BlackElo "2664"]
[TimeControl "180+1"]
[EndTime "14:39:01 PDT"]
[Termination "Game drawn - insufficient material"]

1. e4 c5 2. Nc3 d6 3. f4 Nc6 4. Nf3 g6 5. Bb5 Bd7 6. Bxc6 Bxc6 7. d3 e6 8. f5 exf5 9. exf5 Qe7+ 10. Kf2 O-O-O 11. Re1 Qd7 12. fxg6 hxg6 13. Bg5 f6 14. Bh4 Nh6 15. Ne4 Ng4+ 16. Kg1 g5 17. Bg3 d5 18. Nf2 Nxf2 19. Bxf2 Bd6 20. Bg3 Bxg3 21. hxg3 d4 22. Qe2 Rde8 23. Qf2 Rxe1+ 24. Rxe1 Qh7 25. Kf1 Qh1+ 26. Ke2 Re8+ 27. Kd2 Rxe1 28. Nxe1 Qh6 29. Qf5+ Kc7 30. Qxc5 g4+ 31. Ke2 Qe3+ 32. Kf1 b6 33. Qf5 Qxg3 34. Qxf6 Qh2 35. Qg7+ Bd7 36. Qxd4 Qh1+ 37. Kf2 g3+ 38. Ke2 Qh5+ 39. Kd2 Qa5+ 40. Qc3+ Qxc3+ 41. Kxc3 Kd6 42. Kd4 Bc6 43. c4 a5 44. b3 Bb7 45. a3 Bc6 46. b4 axb4 47. axb4 Bb7 48. c5+ bxc5+ 49. bxc5+ Ke6 50. Kc4 Ke5 51. Kb5 Kd4 52. c6 Bc8 53. Kb6 Ke3 54. Kc7 Bf5 55.
Kd6 Kf2 56. Nf3 Bxd3 57. c7 Ba6 58. Nh4 Bb7 59. Ke5 Ke3 60. Kf5 Bc8+ 61. Kg5 Ke4 62.
Nf3 Bd7 63. Kh4 Kf4 64. Ng5 Bc8 65. Nh3+ Ke5 66. Kxg3 Kd6 67. Kf4 Kxc7 68. Ng5 Kd6 69. Ne4+ Ke7 70. Nf2 Bb7 71. g4 Kf6 72. g5+ Kg7 73.
Ng4 Ba6 74. Ne5 Be2 75. Kf5 Bd1 76. Ke6 Bb3+ 77. Kf5 Bc2+ 78. Kf4 Bb3 79. g6 Bc2 80. Kg5 Bxg6 1/2-1/2

[Event "Late-Titled-Tuesday-Blitz-April-02-2024"]
[Site "Chess.com"]
[Date "2024.04.02"]
[Round "4"]
[White "anasta10"]
[Black "Rud_Makarian"]
[Result "1/2-1/2"]
[WhiteElo "2584"]
[BlackElo "3012"]
[TimeControl "180+1"]
[EndTime "14:39:18 PDT"]
[Termination "Game drawn - insufficient material"]

1. Nf3 Nf6 2. c4 g6 3. Nc3 Bg7 4. e4 d6 5. d4 O-O 6. h3 e5 7. d5 Na6 8. Be3 Nc5 9. Nd2 a5 10. g4 a4 11. Rg1 c6 12. Be2 Qa5 13. f3 a3 14. Nb3 Qb4 15. Rb1 axb2 16. Bd2 Qa3 17. Qc2 cxd5 18. cxd5 Nxb3 19. axb3 Bd7 20. Qxb2 Qa7 21. Kf1 Qb6 22. Kg2 Rfc8 23. Rgc1 h5 24.
Na4 Qd8 25. Rxc8 Rxc8 26. Rc1 Rxc1 27. Qxc1 Nh7 28. Be3 Bf6 29. Nb6 Be7 30. Qa3 Kg7 31.
Qb4 h4 32. Nc4 Bc8 33. Bb6 Qf8 34. Bc7 Qe8 35. Bxd6 Bf6 36. Qc3 b5 37. Nb6 Ba6 38.
Qa5 Qd8 39. Bc5 Bb7 40. Qxb5 Be7 41. Bxe7 Qxe7 42. Nc4 f6 43. Qb6 Bc8 44. d6 Qf7 45.
Qc7 Be6 46. Qxf7+ Kxf7 47. b4 Nf8 48. Nb6 f5 49. exf5 gxf5 50. b5 Kf6 51. Na8 Bd5 52.
Nc7 Bb7 53. b6 Nd7 54. Ne8+ Kf7 55. Nc7 Nxb6 56. gxf5 Kf6 57. Ne6 Kxf5 58. Nd8 Bd5 59.
Bd3+ Kf4 60. Kf2 Nd7 61. Bb5 Nc5 62. d7 Bxf3 63. Nf7 Nxd7 64. Bxd7 e4 65. Nd6 e3+ 66.
Ke1 Bg2 67. Nc4 Kg3 68. Nxe3 Bxh3 69. Bxh3 Kxh3 70. Kf2 Kh2 71. Kf3 Kh3 72. Nf5 Kh2 73. Kf2 Kh3 74. Kf3 Kh2 75. Ne3 Kg1 76. Kg4 Kf2 77. Kxh4 1/2-1/2

[Event "Late-Titled-Tuesday-Blitz-April-02-2024"]
[Site "Chess.com"]
[Date "2024.04.02"]
[Round "4"]
[White "Veleamater"]
[Black "Kacparov"]
[Result "0-1"]
[WhiteElo "2426"]
[BlackElo "2928"]
[TimeControl "180+1"]
[EndTime "14:39:24 PDT"]
[Termination "Kacparov won by resignation"]

1. e4 c5 2. a3 g6 3. d4 cxd4 4. c3 dxc3 5. Nxc3 Bg7 6. Nf3 Nc6 7. Bc4 d6 8. Qb3 e6 9. O-O a6 10. Qc2 Nf6 11. Rd1 Ng4 12. Bf4 Nge5 13. Nxe5 Nxe5 14.
Ba2 O-O 15. Qd2 b5 16. Qxd6 Qxd6 17. Rxd6 Bb7 18. Rad1 Rfc8 19. f3 Bc6 20. Ne2 Be8 21. Nd4 Nc4 22. Bxc4 Rxc4 23. e5 g5 24. Bg3 h5 25. h3 h4 26. Bh2 Bf8 27. b3 Rcc8 28.
b4 Bxd6 29. exd6 Bd7 30. Nb3 f6 31. Nc5 Ra7 32. Kf1 Kf7 33. Bg1 Rca8 34. Nb3 Rb7 35. Nc5 Rba7 36. Nb3 Bc6 37. Bxa7 Rxa7 38. Nc5 Bd5 39. Ke2 Ke8 40. Kf2 a5 41. Rb1 axb4 42. Rxb4 Bc6 43. a4 bxa4 44. Rb8+ Kf7 45. Rc8 Bd7 46. Nxd7 Rxd7 47. Ra8 Rxd6 48. Rxa4 Rd2+ 49. Kg1 e5 50. Re4 Kg6 51. Ra4 Kf5 52. Rb4 Rd1+ 53.
Kf2 Rd4 54. Rb3 Rc4 55. Rb2 Ke6 56. Ra2 Rd4 57. Ra6+ Rd6 58. Ra2 Ke7 59. Ra8 Kf7 60. Ra2 Kg6 61. Rb2 Kf5 62. Rb4 Ke6 63. Ra4 Rd2+ 64.
Kg1 Rc2 65. Rb4 Kd5 66. Ra4 Rc4 67. Ra6 Rc6 68. Ra5+ Rc5 69. Ra6 Rc6 70. Ra5+ Ke6 71. Ra2 f5 72. Ra4 Rd6 73. Ra5 Rd1+ 74. Kh2 Rd5 75.
Ra6+ Rd6 76. Ra5 Rc6 77. Ra8 Kf7 78. Ra7+ Kf6 79. Ra8 Re6 80. Ra7 e4 81. fxe4 fxe4 82. Kg1 Ke5 83. Kf2 Rc6 84. Ra5+ Kf4 85. Ra2 Rc3 86. Ke2 Rd3 87. Kf2 Rd2+ 88. Rxd2 e3+ 89. Ke2 exd2 90. Kxd2 Kg3 91. Ke3 Kxg2 92. Ke4 Kxh3 0-1

[Event "Late-Titled-Tuesday-Blitz-April-02-2024"]
[Site "Chess.com"]
[Date "2024.04.02"]
[Round "4"]
[White "ExtremeLearner"]
[Black "dedpihto_v_kozhanom_palto"]
[Result "0-1"]
[WhiteElo "2560"]
[BlackElo "2719"]
[TimeControl "180+1"]
[EndTime "14:39:24 PDT"]
[Termination "dedpihto_v_kozhanom_palto won by resignation"]

1. e4 g6 2. d4 Bg7 3. Nc3 d6 4. Be3 Nc6 5. g4 e5 6. d5 Nd4 7. Bd3 c5 8. dxc6 bxc6 9. h4 h5 10. g5 Ne7 11. Nce2 O-O 12. Bxd4 exd4 13. f4 d5 14. Nf3 dxe4 15. Bxe4 Bf5 16. Qd3 Re8 17. Bxf5 Nxf5 18. O-O-O Re3 19. Qc4 c5 20. Rhf1 Qb6 21.
Ne5 Bxe5 22. fxe5 Rxe5 23. Ng3 Qe6 24. Qxe6 fxe6 25. Nxf5 exf5 26. b4 Rc8 27. bxc5 Rexc5 28. Rxd4 Rxc2+ 29. Kb1 R2c4 30. Rd6 R4c6 31. Rfd1 Kf7 32. Rd7+ Ke6 33. Rxa7 Rb6+ 34. Ka1 f4 35. Ra5 Rc2 36. Re1+ Kd6 37. Rd1+ Kc6 38. Ra3 Rb4 39. Ra6+ Kb5 40. Rxg6 f3 41. Rf6 f2 42. g6 Rbb2 43. g7 Rxa2+ 44.
Kb1 Rcb2+ 45. Kc1 Re2 46. Kb1 Rab2+ 47. Ka1 Ra2+ 48. Kb1 Ra8 49. Rf8 Re1 50. g8=Q Rxd1+ 51. Kc2 Rxf8 52. Qg5+ Kc6 53. Qh6+ Kd7 54. Qg7+ Ke8 55. Qg6+ Ke7 56. Qg7+ Rf7 57. Qe5+ Kd7 58. Qb5+ Kd6 59. Qb6+ Ke5 60. Qe3+ Kd5 61. Qg5+ Ke4 62. Qg6+ Ke3 63. Qxf7 f1=Q 64. Qe6+ Kf2 65. Qf5+ Kg2 66. Qg5+ Kh3 67. Qxh5 Rc1+ 68. Kb2 Rb1+ 69. Ka2 Ra1+ 70.
Kb3 Qc1 71. Qf3+ Kxh4 72. Qf2+ Kg4 73. Qg2+ Kf4 74. Qf2+ Ke4 75. Qe2+ Qe3+ 76. Kb4 Qxe2 77. Kc5 Rd1 78. Kb4 Qb2+ 0-1

[Event "Late-Titled-Tuesday-Blitz-April-02-2024"]
[Site "Chess.com"]
[Date "2024.04.02"]
[Round "4"]
[White "DirtyKabab"]
[Black "Blackmind96"]
[Result "0-1"]
[WhiteElo "2574"]
[BlackElo "2757"]
[TimeControl "180+1"]
[EndTime "14:39:26 PDT"]
[Termination "Blackmind96 won on time"]

1. e4 c5 2. Nf3 d6 3. d4 cxd4 4.
Qxd4 a6 5. Be2 Nc6 6. Qe3 g6 7. c4 Bg4 8. O-O Bg7 9. Nc3 Bxf3 10. Bxf3 Nf6 11. Rd1 Nd7 12. Be2 O-O 13. Rb1 Qa5 14.
Bd2 Qc5 15. Nd5 e6 16. b4 Qxe3 17. Nxe3 Nd4 18. Bf1 Rfc8 19. Rbc1 Nc6 20. Be1 Bf8 21. a3 a5 22. c5 axb4 23. axb4 Na7 24. Nc4 Nb5 25. Na5 dxc5 26. Bxb5 Ne5 27. bxc5 Bxc5 28. Nxb7 Bb6 29. Nd6 Rxc1 30. Rxc1 h5 31. h3 Ra2 32. Nc4 Nd3 33. Rd1 Nxf2 34. Bxf2 Bxf2+ 35. Kh2 h4 36. Nd2 Ra5 37. Be2 Ra2 38. Bf1 Bg3+ 39. Kg1 Ra4 40. Bd3 Rd4 41. Nf3 Rd8 42. Kf1 Rc8 43. Ke2 Ra8 44. Rd2 Kg7 45. e5 Bf4 46. Rb2 Ra3 47. Bc4 Re3+ 48. Kf2 Re4 49. Bd3 Bg3+ 50. Kf1 Re3 51. Be2 Ra3 52. Rb1 Ra4 53. Rd1 Rf4 54.
Bd3 g5 55. Ke2 Kh6 56. Ke3 Rb4 57. Rb1 Bf4+ 58. Ke2 Ra4 59. Rb2 Ra1 60. Rc2 Rh1 61. Be4 Ra1 62. Kd3 Ra3+ 63. Kc4 Re3 64. Kd4 Ra3 65. Ng1 Be3+ 66. Kc4 Bxg1 67. Rc1 Be3 68. Rf1 Bf4 69. Rf3 Ra4+ 70. Kd3 Ra5 71. Bc6 Rxe5 72. Be8 f5 73. Bd7 Kg7 74. Bc6 Kf6 75. Bb5 Rxb5 76.
Kc4 Rd5 77. Rxf4 gxf4 78. g4 fxg3 0-1

[Event "Late-Titled-Tuesday-Blitz-April-02-2024"]
[Site "Chess.com"]
[Date "2024.04.02"]
[Round "4"]
[White "DanielNaroditsky"]
[Black "sergoy"]
[Result "0-1"]
[WhiteElo "3140"]
[BlackElo "2912"]
[TimeControl "180+1"]
[EndTime "14:39:28 PDT"]
[Termination "sergoy won by checkmate"]

1. e4 c5 2. c3 Nf6 3. e5 Nd5 4.
Nf3 e6 5. d4 cxd4 6. cxd4 d6 7.
Bc4 Nc6 8. O-O Be7 9. Qe2 O-O 10. Rd1 Qc7 11. Nc3 Nxc3 12. bxc3 dxe5 13. dxe5 Bd7 14. Bd3 Rfd8 15. Ng5 g6 16. Bf4 Be8 17. h4 Qa5 18. Rac1 Rd5 19. c4 Rd4 20. Be4 Rad8 21. Rxd4 Nxd4 22. Qf1 Qxa2 23. Ra1 Qb2 24. Rb1 Qa2 25. Rxb7 Bc5 26. Be3 h6 27. Nf3 Nxf3+ 28. Bxf3 Bxe3 29. fxe3 Qa3 30. Qe1 Qc5 31. Qc3 a5 32. h5 g5 33.
Kh2 a4 34. Rb4 Kg7 35. Bg4 Rc8 36. Bd1 Ra8 37. Rb2 Bc6 38. Qd4 Qa5 39. Rf2 Rf8 40. Qd6 Qb6 41. c5 Qb7 42. Qd4 Ra8 43. Qc3 Qe7 44. Bf3 Bxf3 45. Rxf3 Rc8 46. c6 Qc7 47. Qd4 Qxc6 48. Qa7 Rc7 49. Qa5 Rd7 50. Qb4 Qd5 51. Qc3 Ra7 52. Rf2 a3 53. Rf1 a2 54.
Ra1 Qe4 55. Qd4 Qxd4 56. exd4 Ra3 57. Kg1 Kf8 58. Kf2 Ke7 59. Ke2 Kd7 60. Kd2 Kc6 61.
Kc2 Kd5 62. Kb2 Ra8 63. g4 Kxd4 64. Kb3 Kxe5 65. Kb2 Kf4 66. Rf1+ Kxg4 67. Ka1 f5 68. Rg1+ Kf4 69. Rg2 g4 70. Rf2+ Kg5 71. Rc2 f4 72.
Rc1 f3 73. Rc5+ Kh4 74. Rc1 f2 75. Rf1 g3 76. Rh1+ Kg4 77. Rc1 g2 78. Rc4+ Kh3 79. Rc3+ Kh2 80. Rc1 f1=Q 81. Kb2 Qxc1+ 82. Kb3 a1=Q 83.
Kb4 Qcc3+ 84. Kb5 Qaa5# 0-1

[Event "Late-Titled-Tuesday-Blitz-April-02-2024"]
[Site "Chess.com"]
[Date "2024.04.02"]
[Round "4"]
[White "Balla_Tamas"]
[Black "KATPAH"]
[Result "1-0"]
[WhiteElo "2508"]
[BlackElo "2672"]
[TimeControl "180+1"]
[EndTime "14:40:06 PDT"]
[Termination "Balla_Tamas won by checkmate"]

1. Nf3 Nf6 2. b3 g6 3. Bb2 Bg7 4. e3 O-O 5. c4 d5 6. Nc3 dxc4 7. bxc4 c5 8. d4 cxd4 9. exd4 Nc6 10. d5 Nb8 11. Be2 Qb6 12. Rb1 Bf5 13. Bd3 Bxd3 14. Qxd3 Nbd7 15. O-O Nc5 16. Qe2 Qa6 17. Nb5 Rac8 18.
Qxe7 Qxa2 19. Nd6 Ncd7 20. Nxc8 Rxc8 21. Ne5 Nxe5 22. Bxe5 Re8 23. Qc7 Nxd5 24. Qd7 Rxe5 25. cxd5 Qxd5 26. Qc8+ Bf8 27. Rxb7 Kg7 28. Rb8 Bc5 29.
Qh8+ Kh6 30. Qf6 Bd4 31. Qf4+ Kg7 32. Rbb1 Rf5 33. Qd2 Qe5 34. Rbd1 Bb6 35. Rde1 Qf6 36. Re2 a5 37. Qc2 Bc5 38. h3 Bb4 39. Rd1 Rc5 40.
Qd3 a4 41. Re4 Qc3 42. Qxc3+ Bxc3 43. Rxa4 Rf5 44. Ra7 Bb4 45. Ra2 Bc5 46. g4 Rf4 47. Kg2 Bb6 48. Kg3 Rf6 49. Rad2 Bc7+ 50. Kg2 Bb6 51. f3 Bc5 52. Rd5 Bb4 53. R1d4 Ba3 54. Rd3 Bb4 55. h4 h6 56. h5 g5 57. Rd7 Bc5 58.
R3d5 Bb4 59. Rb5 Bd6 60. Rb6 Be5 61. Rxf6 Bxf6 62. Rd5 Be7 63. Rf5 Bf6 64. Kf2 Ba1 65. Ke3 Bc3 66. Rd5 Bb2 67. Ke4 Ba1 68. f4 gxf4 69.
Kxf4 Bf6 70. Kf5 Bg5 71. Rd6 Be7 72. Ra6 Bg5 73. Ra7 Be3 74. Rb7 Bg5 75. Ke5 Be3 76.
Kd6 Kf6 77. Kd7 Kg5 78. Rb4 Bf4 79. Ke8 f5 80. gxf5 Kxf5 81. Kf7 Kg5 82. Kg7 Be5+ 83.
Kf7 Bc3 84. Rb5+ Kg4 85. Kg6 Bd2 86. Rc5 Be3 87. Rc4+ Kf3 88. Rc8 Kg4 89. Rh8 Kf4 90. Rxh6 Ke5 91. Rh8 Kd6 92. Re8 Bf4 93. Re2 Kd7 94.
h6 Kd6 95. h7 Be5 96. Rxe5 Kxe5 97. h8=Q+ Ke4 98. Qf6 Kd3 99. Qe5 Kc2 100. Qd4 Kb1 101. Qf2 Ka1 102. Qe2 Kb1 103. Kf5 Kc1 104. Ke4 Kb1 105. Kd3 Kc1 106. Kc3 Kb1 107. Qb2# 1-0

[Event "Late-Titled-Tuesday-Blitz-April-02-2024"]
[Site "Chess.com"]
[Date "2024.04.02"]
[Round "5"]
[White "Duhless"]
[Black "BebeBonito2022"]
[Result "1-0"]
[WhiteElo "3090"]
[BlackElo "2285"]
[TimeControl "180+1"]
[EndTime "14:48:01 PDT"]
[Termination "Duhless won by resignation"]

1. e4 e5 2. Nc3 Nf6 3. f4 d5 4. fxe5 Nxe4 5. Qf3 Nc6 6. Bb5 Nxc3 7. bxc3 Qh4+ 8. g3 Qe4+ 9. Kf2 Bd7 10. d4 Qxc2+ 11. Ne2 Qe4 12. Qxe4 dxe4 13. Rb1 O-O-O 14. Nf4 Nxe5 15.
dxe5 1-0

[Event "Late-Titled-Tuesday-Blitz-April-02-2024"]
[Site "Chess.com"]
[Date "2024.04.02"]
[Round "5"]
[White "GMG"]
[Black "MaestroCheck"]
[Result "0-1"]
[WhiteElo "2769"]
[BlackElo "2575"]
[TimeControl "180+1"]
[EndTime "14:48:06 PDT"]
[Termination "MaestroCheck won by resignation"]

1. d4 d5 2. c4 c6 3. Nf3 Nf6 4. Nc3 e6 5. g3 dxc4 6. Bg2 b5 7. Ne5 a6 8. a4 Bb7 9. axb5 axb5 10.
Rxa8 Bxa8 11. Nxb5 cxb5 12. Bxa8 Qa5+ 0-1

[Event "Late-Titled-Tuesday-Blitz-April-02-2024"]
[Site "Chess.com"]
[Date "2024.04.02"]
[Round "5"]
[White "burritus"]
[Black "miraitrunks"]
[Result "1-0"]
[WhiteElo "2438"]
[BlackElo "2186"]
[TimeControl "180+1"]
[EndTime "14:48:29 PDT"]
[Termination "burritus won by resignation"]

1. c4 c5 2. Nf3 Nc6 3. d4 cxd4 4. Nxd4 g6 5. e4 Bg7 6. Be3 Nf6 7. Nc3 O-O 8. Be2 d6 9. O-O Nxd4 10. Bxd4 Be6 11.
Qd2 a6 12. Rac1 Rc8 13. b3 Qa5 14. f3 Nd7 15. Be3 b5 16. Nd5 Qd8 17. cxb5 axb5 18. Rxc8 1-0

[Event "Late-Titled-Tuesday-Blitz-April-02-2024"]
[Site "Chess.com"]
[Date "2024.04.02"]
[Round "5"]
[White "VanRommel28"]
[Black "MarcoRiehle"]
[Result "0-1"]
[WhiteElo "2565"]
[BlackElo "2785"]
[TimeControl "180+1"]
[EndTime "14:48:49 PDT"]
[Termination "MarcoRiehle won by resignation"]

1. d4 d5 2. Nf3 Nf6 3. Bf4 e6 4. e3 Bd6 5. Ne5 Bxe5 6. dxe5 Nfd7 7. Bd3 Nc6 8. Qg4 g6 9. Qg3 Ne7 10. Nd2 Nf5 11. Bxf5 exf5 12. h4 Nc5 13. h5 Ne6 14.
hxg6 fxg6 15. Qxg6+ hxg6 16. Rxh8+ Nf8 17. Bh6 Qh4 18. Rxf8+ Ke7 19. Nf3 Qxh6 0-1

[Event "Late-Titled-Tuesday-Blitz-April-02-2024"]
[Site "Chess.com"]
[Date "2024.04.02"]
[Round "5"]
[White "laskakid"]
[Black "elcala"]
[Result "1-0"]
[WhiteElo "2297"]
[BlackElo "1805"]
[TimeControl "180+1"]
[EndTime "14:49:06 PDT"]
[Termination "laskakid won by resignation"]

1. e4 d5 2. exd5 Qxd5 3. Nc3 Qd6 4. d4 Nf6 5. Nf3 Nc6 6. Be2 a6 7. O-O Bg4 8. Be3 e6 9. h3 Bh5 10. Qd2 O-O-O 11. Rad1 Qd7 12. a3 Nd5 13. Nxd5 Qxd5 14. c4 Qd7 15. b4 f5 16. d5 exd5 17. cxd5 Ne7 18. Ne5 Qxd5 19. Qxd5 Nxd5 20. Bxh5 Nxe3 21.
fxe3 g6 22. Rxd8+ 1-0

[Event "Late-Titled-Tuesday-Blitz-April-02-2024"]
[Site "Chess.com"]
[Date "2024.04.02"]
[Round "5"]
[White "temus_galaktionov"]
[Black "ValeriyGrinev"]
[Result "1-0"]
[WhiteElo "2849"]
[BlackElo "2595"]
[TimeControl "180+1"]
[EndTime "14:49:13 PDT"]
[Termination "temus_galaktionov won by resignation"]

1. d4 d5 2. c4 e6 3. Nf3 Nf6 4.
Nc3 a6 5. cxd5 exd5 6. Bg5 Be6 7.
e3 Nbd7 8. Bd3 Bd6 9. h3 c6 10. O-O Qc7 11. Qd2 O-O 12. Rfc1 Rfe8 13. Bf4 Bxf4 14. exf4 g6 15. Ne5 Nf8 16. g4 Qd6 17. f5 Bd7 18. Qf4 gxf5 19. gxf5 Re7 20. Qg3+ 1-0

[Event "Late-Titled-Tuesday-Blitz-April-02-2024"]
[Site "Chess.com"]
[Date "2024.04.02"]
[Round "5"]
[White "campochess"]
[Black "Kavyev_Ruslan"]
[Result "0-1"]
[WhiteElo "2183"]
[BlackElo "2402"]
[TimeControl "180+1"]
[EndTime "14:49:40 PDT"]
[Termination "Kavyev_Ruslan won by resignation"]

1. e4 c5 2. b4 cxb4 3. d4 d5 4. exd5 Nf6 5. c4 bxc3 6. Nxc3 Nxd5 7. Bb5+ Nc6 8. Bd2 Nxc3 9. Bxc3 e6 10. Nf3 a6 11.
Bxc6+ bxc6 12. O-O Qd5 13. Re1 Be7 14. Re5 Qd7 15.
Ra5 O-O 16. Ne5 Qc7 17. Ra4 Bf6 18. Qe2 Bd7 19. Rc4 Qd6 20. Qe4 Rac8 21. Bb4 Qd5 22. Bxf8 Qxe4 23. Bd6 Bxe5 24. Bxe5 c5 25. Rac1 f6 26.
Bg3 Bb5 27. Rxc5 Rxc5 28. dxc5 Bc6 0-1

[Event "Late-Titled-Tuesday-Blitz-April-02-2024"]
[Site "Chess.com"]
[Date "2024.04.02"]
[Round "5"]
[White "Byniolus"]
[Black "CatLoverPL"]
[Result "1-0"]
[WhiteElo "2775"]
[BlackElo "2501"]
[TimeControl "180+1"]
[EndTime "14:49:45 PDT"]
[Termination "Byniolus won by resignation"]

1. d4 g6 2. Nf3 Bg7 3. Bf4 c5 4. c3 cxd4 5. cxd4 d6 6. e3 Nf6 7. Nc3 O-O 8. Be2 Nc6 9. O-O Bf5 10. Qb3 Qd7 11. Rfc1 Rfc8 12. h3 Ne4 13. Nxe4 Bxe4 14.
Ng5 d5 15. Nxe4 dxe4 16. Rc5 e6 17. Rac1 Ne7 18. Rc7 Rxc7 19. Rxc7 Qd8 20. Qxb7 Nd5 21. Rxf7 Bf8 22. Bg4 Nxf4 23. Rxf4 1-0

[Event "Late-Titled-Tuesday-Blitz-April-02-2024"]
[Site "Chess.com"]
[Date "2024.04.02"]
[Round "5"]
[White "rcmz"]
[Black "dennisodessa"]
[Result "0-1"]
[WhiteElo "2198"]
[BlackElo "2556"]
[TimeControl "180+1"]
[EndTime "14:49:54 PDT"]
[Termination "dennisodessa won by resignation"]

1. b4 Nf6 2. Bb2 e6 3. a3 c5 4. b5 d5 5. e3 Bd6 6. f4 O-O 7. Nf3 Nbd7 8. c4 Qc7 9. Be2 e5 10. fxe5 Nxe5 11. Nxe5 Bxe5 12. Bxe5 Qxe5 13. Ra2 d4 14. Qb3 Bg4 15. Qd1 dxe3 16. Bxg4 exd2+ 17. Kf1 Nxg4 18. Qxd2 Qf5+ 0-1

[Event "Late-Titled-Tuesday-Blitz-April-02-2024"]
[Site "Chess.com"]
[Date "2024.04.02"]
[Round "5"]
[White "shimastream"]
[Black "Grischuk"]
[Result "1-0"]
[WhiteElo "3021"]
[BlackElo "3070"]
[TimeControl "180+1"]
[EndTime "14:49:56 PDT"]
[Termination "shimastream won by resignation"]

1. e4 e5 2. Nf3 Nc6 3. Nc3 Nf6 4. h3 Bb4 5. Nd5 Nxd5 6. exd5 e4 7. dxc6 exf3 8. Qxf3 dxc6 9. Bc4 O-O 10. O-O Qd7 11. Re1 Qf5 12. Re3 Bc5 13. Qxf5 Bxf5 14. Re5 Rae8 15. Rxf5 Re1+ 16. Kh2 Bd6+ 17. g3 b5 18. Bb3 g6 19. Rf3 c5 20. d3 1-0

[Event "Late-Titled-Tuesday-Blitz-April-02-2024"]
[Site "Chess.com"]
[Date "2024.04.02"]
[Round "5"]
[White "lcmil"]
[Black "Sinquefield"]
[Result "1-0"]
[WhiteElo "2278"]
[BlackElo "2523"]
[TimeControl "180+1"]
[EndTime "14:49:56 PDT"]
[Termination "lcmil won by resignation"]

1. e4 b6 2. d4 Bb7 3. Bd3 e6 4. Nc3 Nf6 5. Qe2 d5 6. e5 Nfd7 7. Qg4 c5 8. f4 cxd4 9. Nb5 Nc6 10. Nf3 g6 11. Nbxd4 Nxd4 12. Nxd4 Nc5 13. Bb5+ Nd7 14. Nxe6 fxe6 15. Qxe6+ Be7 16. f5 a6 17. fxg6 hxg6 18. Qxg6+ Kf8 19. O-O+ Nf6 20. exf6 Bc5+ 21. Kh1 Qc7 22.
Bh6+ Rxh6 23. Qxh6+ Kg8 24. f7+ Qxf7 25. Rxf7 1-0

[Event "Late-Titled-Tuesday-Blitz-April-02-2024"]
[Site "Chess.com"]
[Date "2024.04.02"]
[Round "5"]
[White "CarlosjPineror"]
[Black "ploxoi"]
[Result "1-0"]
[WhiteElo "2675"]
[BlackElo "2470"]
[TimeControl "180+1"]
[EndTime "14:49:57 PDT"]
[Termination "CarlosjPineror won by resignation"]

1. e4 c6 2. Nf3 d5 3. exd5 cxd5 4.
Ne5 Nc6 5. Bb5 Qc7 6. d4 Nf6 7.
O-O e6 8. c3 Bd6 9. f4 a6 10.
Bd3 b5 11. Be3 Bb7 12. Nd2 Nd7 13. Qh5 Nf6 14. Qh3 Ne7 15. Rae1 O-O-O 16. Nxf7 Qd7 17. Bf2 Bxf4 18. Nb3 Nf5 19. Nxh8 Rxh8 20. Nc5 Qc7 21. Nxe6 1-0

[Event "Late-Titled-Tuesday-Blitz-April-02-2024"]
[Site "Chess.com"]
[Date "2024.04.02"]
[Round "5"]
[White "Statham_01"]
[Black "Kiborg95"]
[Result "0-1"]
[WhiteElo "2615"]
[BlackElo "2851"]
[TimeControl "180+1"]
[EndTime "14:50:11 PDT"]
[Termination "Kiborg95 won by resignation"]

1. e4 d6 2. d4 Nf6 3. Nc3 e5 4.
Nf3 Nbd7 5. g4 h6 6. Rg1 c6 7. h4 exd4 8. Nxd4 Ne5 9. g5 hxg5 10. hxg5 Nfg4 11. f4 Qb6 12. Na4 Qxd4 13. Qxd4 Nf3+ 14. Kd1 Nxd4 15. f5 Ne5 16. g6 fxg6 17. Bf4 Ndf3 18. Rg3 gxf5 19. Bg2 fxe4 20. Nc3 d5 21. Ke2 Be6 22.
Rd1 O-O-O 23. Na4 g5 24. Be3 b6 25. c4 Nxc4 26. Bf2 Bd6 27. Rxf3 0-1